 Dungeon Crawl Stone Soup version 0.19.1 (console) character file.

665 Kloppie the Slasher (level 7, 0/63 HPs)
             Began as a Grey Draconian Berserker on Dec 17, 2016.
             Was an Elder of Trog.
             Slain by a wyvern zombie (4 damage)
             ... in an ossuary.
             The game lasted 00:05:24 (3042 turns).

Kloppie the Slasher (Grey Draconian Berserker)      Turns: 3042, Time: 00:05:25

Health: 0/63       AC: 12    Str: 19    XL:     7   Next: 31%
Magic:  7/7        EV: 13    Int:  8    God:    Trog [****..]
Gold:   194        SH:  0    Dex: 12    Spells: 0 memorised, 6 levels left

rFire  . . .     SeeInvis .     c - +0 long sword
rCold  . . .     Gourm    .     (armour unavailable)
rNeg   . . .     Faith    .     (no shield)
rPois  .         Spirit   .     (helmet restricted)
rElec  .         Reflect  .     (no cloak)
rCorr  .         Harm     .     m - +0 pair of gloves (curse)
MR     .....                    (no boots)
Stlth  +.........               (no amulet)
                                (no ring)
                                (no ring)

@: exhausted, slowed, very slow
A: walk through water, unfitting armour, unbreathing, cold-blooded, AC +11
a: Berserk, Trog's Hand, Brothers in Arms, Burn Spellbooks, Renounce Religion


You were in an ossuary.
You worshipped Trog.
Trog was greatly pleased with you.
You were not hungry.

You visited 1 branch of the dungeon, and saw 4 of its levels.
You also visited: Ossuary.

You collected 194 gold pieces.

Inventory:

Hand Weapons
 a - a +0 falchion
 c - a +0 long sword (weapon)
Armour
 i - a +1 pair of gloves
 m - a cursed +0 pair of gloves (worn)
Jewellery
 n - a cursed -3 ring of evasion {unknown}
Wands
 o - a wand of slowing (26/48)
Scrolls
 d - a scroll of immolation
 p - a scroll of enchant weapon
 r - a scroll of random uselessness
Potions
 e - a potion of resistance
 f - a potion of magic
 h - a potion of berserk rage
 l - a potion of heal wounds {unknown}
Comestibles
 b - 3 bread rations
 j - 3 slices of pizza
 k - a meat ration


   Skills:
 + Level 6.1 Fighting
 * Level 7.1 Long Blades
 - Level 2.6 Dodging


You had 6 spell levels left.
You didn't know any spells.

Dungeon Overview and Level Annotations

Branches:
Dungeon (4/15)
 Temple: D:4-7

Altars:
Cheibriados
Trog
The Shining One


Innate Abilities, Weirdness & Mutations

You can walk through water.
Your dull iron-grey scales are very hard. (AC +11)
You cannot fit into any form of body armour.
You can survive without breathing.
You are cold-blooded and may be slowed by cold attacks.


Message History

You slash the hornet zombie!
You destroy the hornet zombie!
Trog accepts your kill.
Your Fighting skill increases to level 6!
Your Long Blades skill increases to level 7!
The wyvern zombie bites you.
* * * LOW HITPOINT WARNING * * *
You hit the wyvern zombie.
The wyvern zombie is lightly damaged.
The wyvern zombie bites you.
* * * LOW HITPOINT WARNING * * *
You barely miss the wyvern zombie.
Your tail-slap misses the wyvern zombie.
The wyvern zombie is lightly damaged.
You are no longer berserk.
You are exhausted.
You feel as though you will be slow longer.
The wyvern zombie bites you but does no damage.
The wyvern zombie bites you.
You die... #≈.
PM.

≈≈##### ..#..∩#
###.#.∩.#
.'.#...#
###.##Z##+##'##
#.'....@......≈
###'#'#+#+#+#+#
#.#.# #####


You could see a wyvern zombie.

Vanquished Creatures
  A hornet zombie (Ossuary)
  The ghost of Jerry the Grave Robber, an amateur DgNe (D:3)
  An ogre (D:4)
  A bullfrog zombie (Ossuary)
  Ijyb (D:3)
  2 worker ants
  Terence (D:3)
  7 mummies (Ossuary)
  A gnoll (D:3)
  3 adders
  An adder skeleton (D:4)
  2 worms (D:2)
  2 dart slugs (D:1)
  2 leopard geckos
  An orc (D:3)
  8 bats
  5 giant cockroaches
  11 goblins
  12 hobgoblins
  7 jackals
  9 kobolds
  2 ball pythons
  4 frilled lizards
  38 rats
123 creatures vanquished.

Vanquished Creatures (others)
  3 withered plants (Ossuary)
3 creatures vanquished.

Grand Total: 126 creatures vanquished

Notes
Turn   | Place    | Note
-------+----------+-------------------------------------------
     0 | D:1      | Kloppie the Draconian Berserker began the quest for the Orb.
     0 | D:1      | Reached XP level 1. HP: 19/19 MP: 1/1
   118 | D:1      | Reached XP level 2. HP: 20/26 MP: 2/2
   368 | D:1      | Reached XP level 3. HP: 11/33 MP: 3/3
   493 | D:1      | Reached ** piety under Trog
   898 | D:2      | Reached skill level 4 in Long Blades
   940 | D:2      | Reached XP level 4. HP: 40/40 MP: 4/4
  1151 | D:2      | Reached *** piety under Trog
  1446 | D:2      | Found a bloodstained altar of Trog.
  1893 | D:3      | Reached XP level 5. HP: 44/47 MP: 5/5
  1948 | D:3      | Noticed Ijyb
  1959 | D:3      | Killed Ijyb
  2002 | D:3      | Reached skill level 5 in Long Blades
  2045 | D:3      | Found a snail-covered altar of Cheibriados.
  2056 | D:3      | Reached skill level 5 in Fighting
  2135 | D:3      | Noticed Jerry's ghost (amateur DgNe)
  2147 | D:3      | Killed Jerry's ghost
  2147 | D:3      | Reached XP level 6. HP: 56/56 MP: 6/6
  2254 | D:3      | Noticed Terence
  2261 | D:3      | Killed Terence
  2666 | D:4      | Reached skill level 6 in Long Blades
  2708 | D:4      | Found a glowing golden altar of the Shining One.
  2742 | D:4      | Reached **** piety under Trog
  2939 | D:4      | Found a sand-covered staircase.
  2948 | Ossuary  | Entered an ossuary
  2973 | Ossuary  | Your scales start taking on a dull iron-grey colour.
  2973 | Ossuary  | Reached XP level 7. HP: 55/62 MP: 7/7
  2973 | Ossuary  | Gained mutation: You can survive without breathing. [Grey Draconian growth]
  3040 | Ossuary  | Reached skill level 7 in Long Blades
  3042 | Ossuary  | Slain by a wyvern zombie

Skill      XL: |  1  2  3  4  5  6  7 |
---------------+----------------------+-----
Fighting       | 4 5 6 |  6.1
Long Blades    | 4 5 6 7 |  7.1
Dodging        | |  2.6

Action                   |  1- 3 |  4- 6 |  7- 9 || total
-------------------------+-------+-------+-------++-------
Melee: Falchion          |   132 |    90 |       ||   222
       Tailslap          |    17 |    35 |     4 ||    56
       Long sword        |       |    83 |    24 ||   107
Invok: Berserk           |     2 |     5 |     1 ||     8
       Trog's Hand       |       |       |     1 ||     1
  Use: Scroll            |       |     5 |       ||     5
       Potion            |       |     4 |       ||     4
 Stab: Sleeping          |       |     1 |       ||     1
  Eat: Chunk             |     2 |    11 |       ||    13
       Meat ration       |       |       |     1 ||     1
Armor: Skin              |    46 |    64 |    13 ||   123
Dodge: Dodged            |    92 |   109 |    13 ||   214
       Rpst.: Falchion   |    31 |    18 |       ||    49
       Long sword        |       |    24 |     4 ||    28
